 Dungeon Crawl Stone Soup version 0.29.0-7-g18a832c13a (webtiles) character file.

Game seed: 3932812218461152915

2279 Lochraine the Poker (level 9, -2/58 HPs)
             Began as a Merfolk Venom Mage on Aug 31, 2022.
             Was a Follower of Hepliaklqana.
             Engulfed by a cloud of freezing vapour (15 damage)
             ... on level 6 of the Dungeon.
             The game lasted 00:30:32 (9343 turns).

Lochraine the Poker (Merfolk Venom Mage)            Turns: 9343, Time: 00:30:32

Health: -2/58      AC: 12    Str: 12    XL:     9   Next: 39%
Magic:  17/17      EV: 12    Int: 22    God:    Hepliaklqana [*.....]
Gold:   248        SH:  0    Dex: 15    Spells: 13/19 levels left

rFire   . . .      SeeInvis .   H - +0 spear
rCold   . . .      Faith    .   (no shield)
rNeg    . . .      Spirit   .   C - +0 ring mail of Distant Shores {Int+2 Slay+2}
rPois   .          Reflect  .   k - +0 helmet
rElec   .          Harm     .   g - +0 cloak
rCorr   .          Rampage  .   v - +0 pair of gloves
Will    .....                   (no boots)
Stlth   ..........              (no amulet)
HPRegen 0.19/turn               c - +4 ring of protection
MPRegen 0.15/turn               x - +6 ring of intelligence

@: confused, ambrosia-drunk
A: reduced essence, (nimble swimmer 2), mertail
a: Renounce Religion, Recall Ancestor, Ancestor Identity


You were on level 6 of the Dungeon.
You worshipped Hepliaklqana.
Hepliaklqana was aware of your devotion.
You visited 2 branches of the dungeon, and saw 7 of its levels.

You collected 248 gold pieces.

Inventory:

Hand Weapons
 F - a +0 halberd
   (You took it off a gnoll on level 4 of the Dungeon)
 H - a +0 spear (weapon)
   (You found it on level 4 of the Dungeon)
Armour
 a - a +0 chain mail
   (You found it on level 6 of the Dungeon)
 f - a +0 ring mail
   (You found it on level 6 of the Dungeon)
 g - a +0 cloak (worn)
   (You found it on level 6 of the Dungeon)
 k - a +0 helmet (worn)
   (You found it on level 1 of the Dungeon)
 v - a +0 pair of gloves (worn)
   (You found it on level 2 of the Dungeon)
 C - the +0 ring mail of Distant Shores (worn) {Int+2 Slay+2}
   (You found it on level 3 of the Dungeon)

   Int:       It affects your intelligence (+2).
   Slay:      It affects your accuracy & damage with ranged weapons and melee
   (+2).
 I - the +6 chain mail of the Depths {Int+4}
   (You found it on level 4 of the Dungeon)

   Int:       It affects your intelligence (+4).
Jewellery
 c - a +4 ring of protection (left hand)
   (You found it on level 1 of the Dungeon)
 x - a +6 ring of intelligence (right hand)
   (You found it on level 5 of the Dungeon)
 Q - a ring of willpower
   (You found it on level 5 of the Dungeon)
Wands
 t - a wand of flame (22)
   (You found it on level 6 of the Dungeon)
Scrolls
 e - a scroll of fog {unknown}
 l - a scroll of poison {!r}
 m - a scroll of silence {unknown}
 p - a scroll of blinking {unknown}
 u - a scroll of noise {unknown}
 w - a scroll of fear
 G - a scroll of immolation {unknown}
 K - a scroll of magic mapping {unknown}
 O - a scroll of brand weapon {unknown}
 Y - a scroll of summoning {unknown}
Potions
 b - a potion of magic
 d - a potion of might
 h - 2 potions of curing {@q1}
 j - 2 potions of lignification {!q}
 r - a potion of attraction {unknown}
 z - a potion of flight {unknown}
 A - a potion of mutation {!q}
 S - 2 potions of cancellation
 U - a potion of invisibility
 W - a potion of degeneration {unknown}


   Skills:
 + Level 4.1 Fighting
 + Level 6.0 Polearms
 - Level 0.1 Armour
 - Level 4.2 Dodging
 - Level 2.1 Stealth
 + Level 5.7 Spellcasting
 - Level 1.2 Conjurations
 - Level 5.4 Transmutations
 * Level 2.8 Fire Magic
 - Level 1.3 Air Magic
 - Level 5.6 Poison Magic
 - Level 3.0 Invocations


You had 13 spell levels left.
You knew the following spells:

 Your Spells              Type           Power      Damage    Failure   Level
a - Sting                 Tmut/Pois      100%       1d8       2%          1
b - Scorch                Fire           36%        2d7       10%         2
f - Mephitic Cloud        Conj/Pois/Air  18%        N/A       21%         3

Your spell library contained the following spells:

 Spells                   Type           Power      Damage    Failure   Level
 Poisonous Vapours        Pois/Air       42%        N/A       8%          2
 Olgreb's Toxic Radiance  Pois           30%        N/A       22%         4
 Flame Wave               Conj/Fire      15%        2d7       65%         4
 Summon Cactus Giant      Summ           3%         N/A       100%        6


Dungeon Overview and Level Annotations

Branches:
Dungeon (6/15) Zot: 25457  Temple (1/1) D:5 Zot: 5929

Altars:
Dithmenos
Elyvilon
Fedhas
Gozag
Hepliaklqana
Kikubaaqudgha
Makhleb
Okawaru
Qazlal
Ru
Trog
Uskayaw
Vehumet
Wu Jian
Xom
Zin
The Shining One

Annotations:
D:3 2 transporters, eelars's ghost, amateur TrFi
D:4 3 runed translucent doors, ILmort's ghost, amateur VSFi


Innate Abilities, Weirdness & Mutations

Your life essence is reduced to manifest your ancestor. (-10% HP)
((You are very nimble when in or above water. (Stealth+, EV+, Speed+++)))
Your lower body shifts to a powerful aquatic tail in water.


Message History

You hit the scorpion. The scorpion stings you.
Enheduana hits the scorpion but does no damage.
You closely miss the scorpion. The scorpion closely misses you.
You hit the scorpion but do no damage.
The scorpion stings you but does no damage.
Enheduana hits the scorpion but does no damage.
You hit the scorpion.
You kill the scorpion!
Here: Enheduana the ancestor (friendly)
The floor.
Unknown command.
You see here a scorpion corpse.
Found four items.
Unknown command.
Remember Enheduana's name as what?
Enheduana
Okay, then.
Was Enheduana a) male, b) female, or c) neither? (Currently male.)
Okay, then.
Unknown command.
You open the door.
Found a scroll of teleportation.
There is an open door here.
Item here: a scroll labelled ENAISI PORPH.
The floor.
Unknown command.
Okay, then.
Unknown command.
Really walk into a travel-excluded area?
You are engulfed in freezing vapours.
Enheduana is engulfed in freezing vapours.
You are engulfed in freezing vapours.
Enheduana is engulfed in freezing vapours.
Enheduana is engulfed in freezing vapours.
Enheduana is engulfed in freezing vapours.
Found a potion of curing.
Found a stone staircase leading down.
You are engulfed in freezing vapours.
* * * LOW HITPOINT WARNING * * *
Enheduana is engulfed in freezing vapours.
Okay, then.
You feel better.
You are engulfed in freezing vapours.
* * * LOW HITPOINT WARNING * * *
Enheduana is engulfed in freezing vapours.
Enheduana is engulfed in freezing vapours.
Enheduana is destroyed!
Okay, then.
You feel better.
You are confused.
You feel invigorated.
You are engulfed in freezing vapours.
You die...

##...............###
#........##
#................
...#........#.
#........<...###
...#........#.
##............#
....#........#.
.........###### ...>+
....##'#.
##################....#
.........
##################.!..#
........#
☼○○°....§☼☼☼☼☼☼☼☼##
........#
################@##
.........
:?(.....§☼☼☼☼☼☼☼☼##
..#.)....
################### .
#.....†
################....
#####.. #..... #..
#...... #.. #...... #..
######## ###


There were no monsters in sight!

Vanquished Creatures
  Grinder (D:5)
  Prince Ribbit (D:5)
  2 wraiths
  Eustachio (D:5)
  An ice beast (D:6)
  4 ogres
  A black bear (D:5)
  A kobold brigand (D:6)
  A bullfrog (D:6)
  3 scorpions
  A hound (D:4)
  A jelly (D:5)
  An orc priest (D:4)
  3 gnoll boudas
  Terence (D:3)
  3 iguanas
  17 gnolls
  13 adders
  2 white imps
  An ufetubus (D:6)
  3 dart slugs
  3 orcs
  7 ball pythons
  4 bats
  10 endoplasms
  5 giant cockroaches
  10 hobgoblins
  9 kobolds
  3 quokkas
  4 frilled lizards
  4 goblins
  A rat (D:1)
122 creatures vanquished.

Vanquished Creatures (others)
  An ancestor (D:6)
  6 plants (D:3)
7 creatures vanquished.

Grand Total: 129 creatures vanquished

Notes
Turn   | Place    | Note
-------+----------+-------------------------------------------
     0 | D:1      | Lochraine the Merfolk Venom Mage began the quest for the
                  | Orb.
     0 | D:1      | Reached XP level 1. HP: 13/13 MP: 3/3
   182 | D:1      | Reached XP level 2. HP: 19/19 MP: 3/5
   872 | D:1      | Reached XP level 3. HP: 24/24 MP: 2/6
  1076 | D:1      | Found a faded altar of an unknown god.
  1980 | D:2      | Reached XP level 4. HP: 30/30 MP: 0/8
  2233 | D:2      | Found a white marble altar of Elyvilon.
  2798 | D:3      | Learned a level 3 spell: Mephitic Cloud
  2909 | D:3      | Noticed Terence
  2941 | D:3      | Killed Terence
  2942 | D:3      | Reached XP level 5. HP: 35/35 MP: 2/9
  3072 | D:3      | Learned a level 2 spell: Scorch
  3153 | D:3      | Noticed eelars's ghost (amateur TrFi)
  3156 | D:3      | Found a transporter.
  3196 | D:3      | Identified the +0 ring mail of Distant Shores {Int+2
                  | Slay+2}
  3271 | D:3      | Found a transporter.
  3842 | D:4      | Noticed an ogre
  3884 | D:4      | Killed an ogre
  3885 | D:4      | Reached skill level 1 in Conjurations
  3885 | D:4      | Reached skill level 1 in Air Magic
  3885 | D:4      | Reached XP level 6. HP: 41/41 MP: 6/11
  4254 | D:4      | Reached skill level 1 in Fire Magic
  4435 | D:4      | Found a runed translucent gate.
  4435 | D:4      | Found a runed translucent gate.
  4474 | D:4      | Found a runed translucent gate.
  4479 | D:4      | Noticed ILmort's ghost (amateur VSFi)
  4857 | D:4      | Identified the +6 chain mail of the Depths {Int+4}
  5095 | D:5      | Entered Level 5 of the Dungeon
  5552 | D:4      | Reached skill level 1 in Polearms
  5552 | D:4      | Reached skill level 5 in Poison Magic
  5552 | D:4      | Reached XP level 7. HP: 37/46 MP: 1/12
  5816 | D:5      | Noticed Grinder
  5826 | D:5      | Paralysed by Grinder for 4 turns
  5836 | D:5      | Paralysed by Grinder for 4 turns
  5844 | D:5      | Killed Grinder
  5845 | D:5      | Reached skill level 2 in Polearms
  5845 | D:5      | Reached skill level 5 in Transmutations
  6141 | D:5      | Reached skill level 3 in Polearms
  6312 | D:5      | Found a staircase to the Ecumenical Temple.
  6316 | Temple   | Entered the Ecumenical Temple
  6376 | Temple   | Became a worshipper of Hepliaklqana the Forgotten
  6410 | D:5      | Noticed Prince Ribbit
  6494 | D:5      | Reached XP level 8. HP: 38/53 MP: 12/14
  6581 | D:5      | Noticed a wraith
  6616 | D:5      | Killed a wraith
  6617 | D:5      | Reached skill level 1 in Fighting
  6617 | D:5      | Reached skill level 1 in Invocations
  6991 | D:5      | Reached skill level 4 in Polearms
  7160 | D:5      | Noticed Eustachio
  7213 | D:5      | Killed Eustachio
  7332 | D:5      | Found a hide-covered altar of Uskayaw.
  7496 | D:5      | Killed Prince Ribbit
  7497 | D:5      | Reached skill level 5 in Polearms
  7497 | D:5      | Reached skill level 5 in Spellcasting
  7770 | D:5      | Found an opulent altar of Gozag.
  7773 | D:5      | Found a shimmering altar of Xom.
  7777 | D:5      | Found a sacrificial altar of Ru.
  8042 | D:6      | Reached XP level 9. HP: 63/64 MP: 12/16
  8948 | D:6      | Reached * piety under Hepliaklqana
  9076 | D:6      | Reached skill level 6 in Polearms
  9343 | D:6      | Engulfed by a cloud of freezing vapour

Illustrated notes

Levels and vault maps discovered:
D:1:      mainiacjoe_arrival_reflecting_pool, layout_basic,
          hellmonk_ecumenical_altar_defaced_shrine
D:2:      layout_loops_corners, basic_altar
D:3:      layout_basic, gammafunk_ghost_gnarly_gnolls, uniq_terence
D:4:      layout_loops_corners, ebering_ghost_rock_garden
D:5:      layout_basic, pf_just_have_faith, grunt_temple_overflow_diamond,
          minmay_temple_entry_glassed_door, uniq_eustachio, uniq_grinder,
          uniq_prince_ribbit1
D:6:      lemuel_ice_spiral_2, layout_basic, minmay_misc_feat_encased
Temple:   nicolae_temple_great_sept

Skill      XL: |  1  2  3  4  5  6  7  8  9 |
---------------+----------------------------+-----
Transmutations | 2 3 4 5 |  5.4
Poison Magic   | 4 5 |  5.6
Spellcasting   | 3 4 5 |  5.7
Conjurations   | 1 |  1.2
Air Magic      | 1 |  1.3
Fire Magic     | 1 2 |  2.8
Polearms       | 1 3 5 6 |  6.0
Dodging        | 3 4 |  4.2
Fighting       | 3 4 |  4.1
Invocations    | 3 |  3.0
Armour         | |  0.1
Stealth        | |  2.1

Action                   |  1- 3 |  4- 6 |  7- 9 || total
-------------------------+-------+-------+-------++-------
Melee: Dagger            |    32 |       |       ||    32
       Short sword       |     5 |    38 |       ||    43
       Spear             |       |     2 |   123 ||   125
       Punch             |       |       |     2 ||     2
 Cast: Sting             |    64 |   129 |   122 ||   315
       Scorch            |       |       |    11 ||    11
Invok: Ancestor Identity |       |       |     2 ||     2
       Recall Ancestor   |       |       |     1 ||     1
  Use: Scroll            |       |     6 |     6 ||    12
       Potion            |       |       |     9 ||     9
Armor: Robe              |     2 |       |       ||     2
       Leather armour    |    30 |     7 |       ||    37
       Ring mail         |       |    32 |    67 ||    99
       Skin              |       |       |   107 ||   107
Dodge: Dodged            |    69 |    75 |   113 ||   257
